Workbook

Sheet Dynamic
B2: BUSINESS MODEL CANVAS
B3: DYNAMIC CANVAS
B5: Notes | F5: Business Model Canvas
B8: Block Name | C8: Post-It Note | D8: Post-It Color
B9: Key Partners | C9: Payment partner | D9: Gray | G9: Donald Duck Online Networking Company | AU9: 44593
B10: Key Partners | C10: Support people | D10: Green
B11: Key Activities | C11: Match people to line of business | D11: Pink | G11: Key Partners | Q11: Key Activities | AA11: Value Propositions | AK11: Customer Relations | AU11: Customer Segments
B12: Value Propositions | C12: Full-time support | D12: Violet
B13: Value Propositions | C13: Data security | D13: Gray
B14: Customer Relations | C14: Routine customer surveys | D14: Blue | H14: =IFERROR(INDEX(Calc!$E$6:$E$20,SMALL(OFFSET(Calc!$H$6,0,Calc!S$6,61,1),Calc!$B6)),"") -> Payment partner | I14: =IFERROR(INDEX($E$5:$E$66,SMALL(OFFSET($H$5,0,#REF!,55,1),$B14)),"") | J14: =IFERROR(INDEX($E$5:$E$66,SMALL(OFFSET($H$5,0,#REF!,55,1),$B14)),"") | K14: =IFERROR(INDEX($E$5:$E$66,SMALL(OFFSET($H$5,0,#REF!,55,1),$B14)),"") | L14: =IFERROR(INDEX($E$5:$E$66,SMALL(OFFSET($H$5,0,#REF!,55,1),$B14)),"") | M14: =IFERROR(INDEX($E$5:$E$66,SMALL(OFFSET($H$5,0,#REF!,55,1),$B14)),"") | N14: =IFERROR(INDEX($E$5:$E$66,SMALL(OFFSET($H$5,0,#REF!,55,1),$B14)),"") | R14: =IFERROR(INDEX(Calc!$E$6:$E$20,SMALL(OFFSET(Calc!$H$6,0,Calc!S$7,61,1),Calc!$B6)),"") -> Match people to line of business | AB14: =IFERROR(INDEX(Calc!$E$6:$E$20,SMALL(OFFSET(Calc!$H$6,0,Calc!S$9,61,1),Calc!$B6)),"") -> Full-time support | AL14: =IFERROR(INDEX(Calc!$E$6:$E$20,SMALL(OFFSET(Calc!$H$6,0,Calc!S$10,61,1),Calc!$B6)),"") -> Routine customer surveys | AV14: =IFERROR(INDEX(Calc!$E$6:$E$20,SMALL(OFFSET(Calc!$H$6,0,Calc!S$12,61,1),Calc!$B6)),"") -> Age segments
B15: Customer Segments | C15: Age segments | D15: Violet | H15: =IFERROR(INDEX($E$5:$E$66,SMALL(OFFSET($H$5,0,#REF!,55,1),$B15)),"") | I15: =IFERROR(INDEX($E$5:$E$66,SMALL(OFFSET($H$5,0,#REF!,55,1),$B15)),"") | J15: =IFERROR(INDEX($E$5:$E$66,SMALL(OFFSET($H$5,0,#REF!,55,1),$B15)),"") | K15: =IFERROR(INDEX($E$5:$E$66,SMALL(OFFSET($H$5,0,#REF!,55,1),$B15)),"") | L15: =IFERROR(INDEX($E$5:$E$66,SMALL(OFFSET($H$5,0,#REF!,55,1),$B15)),"") | M15: =IFERROR(INDEX($E$5:$E$66,SMALL(OFFSET($H$5,0,#REF!,55,1),$B15)),"") | N15: =IFERROR(INDEX($E$5:$E$66,SMALL(OFFSET($H$5,0,#REF!,55,1),$B15)),"")
B16: Customer Segments | C16: Tech-savvy/Non-tech-savvy | D16: Gray | H16: =IFERROR(INDEX($E$5:$E$66,SMALL(OFFSET($H$5,0,#REF!,55,1),$B16)),"") | I16: =IFERROR(INDEX($E$5:$E$66,SMALL(OFFSET($H$5,0,#REF!,55,1),$B16)),"") | J16: =IFERROR(INDEX($E$5:$E$66,SMALL(OFFSET($H$5,0,#REF!,55,1),$B16)),"") | K16: =IFERROR(INDEX($E$5:$E$66,SMALL(OFFSET($H$5,0,#REF!,55,1),$B16)),"") | L16: =IFERROR(INDEX($E$5:$E$66,SMALL(OFFSET($H$5,0,#REF!,55,1),$B16)),"") | M16: =IFERROR(INDEX($E$5:$E$66,SMALL(OFFSET($H$5,0,#REF!,55,1),$B16)),"") | N16: =IFERROR(INDEX($E$5:$E$66,SMALL(OFFSET($H$5,0,#REF!,55,1),$B16)),"")
B17: Key Resources | C17: Financial Resources | D17: Green
B18: Channels | C18: Social media inquiries | D18: Yellow | H18: =IFERROR(INDEX(Calc!$E$6:$E$20,SMALL(OFFSET(Calc!$H$6,0,Calc!S$6,61,1),Calc!$B7)),"") -> Support people | R18: =IFERROR(INDEX(Calc!$E$6:$E$20,SMALL(OFFSET(Calc!$H$6,0,Calc!S$7,61,1),Calc!$B7)),"") | AB18: =IFERROR(INDEX(Calc!$E$6:$E$20,SMALL(OFFSET(Calc!$H$6,0,Calc!S$9,61,1),Calc!$B7)),"") -> Data security | AL18: =IFERROR(INDEX(Calc!$E$6:$E$20,SMALL(OFFSET(Calc!$H$6,0,Calc!S$10,61,1),Calc!$B7)),"") | AV18: =IFERROR(INDEX(Calc!$E$6:$E$20,SMALL(OFFSET(Calc!$H$6,0,Calc!S$12,61,1),Calc!$B7)),"") -> Tech-savvy/Non-tech-savvy
B19: Cost Structure | C19: Developers Salary | D19: Yellow
B20: Revenue Streams | C20: Monthly subscriptions | D20: Green
H22: =IFERROR(INDEX(Calc!$E$6:$E$20,SMALL(OFFSET(Calc!$H$6,0,Calc!S$6,61,1),Calc!$B8)),"") | R22: =IFERROR(INDEX(Calc!$E$6:$E$20,SMALL(OFFSET(Calc!$H$6,0,Calc!S$7,61,1),Calc!$B8)),"") | AB22: =IFERROR(INDEX(Calc!$E$6:$E$20,SMALL(OFFSET(Calc!$H$6,0,Calc!S$9,61,1),Calc!$B8)),"") | AL22: =IFERROR(INDEX(Calc!$E$6:$E$20,SMALL(OFFSET(Calc!$H$6,0,Calc!S$10,61,1),Calc!$B8)),"") | AV22: =IFERROR(INDEX(Calc!$E$6:$E$20,SMALL(OFFSET(Calc!$H$6,0,Calc!S$12,61,1),Calc!$B8)),"")
H26: =IFERROR(INDEX(Calc!$E$6:$E$20,SMALL(OFFSET(Calc!$H$6,0,Calc!S$6,61,1),Calc!$B9)),"") | R26: =IFERROR(INDEX(Calc!$E$6:$E$20,SMALL(OFFSET(Calc!$H$6,0,Calc!S$7,61,1),Calc!$B9)),"") | AB26: =IFERROR(INDEX(Calc!$E$6:$E$20,SMALL(OFFSET(Calc!$H$6,0,Calc!S$9,61,1),Calc!$B9)),"") | AL26: =IFERROR(INDEX(Calc!$E$6:$E$20,SMALL(OFFSET(Calc!$H$6,0,Calc!S$10,61,1),Calc!$B9)),"") | AV26: =IFERROR(INDEX(Calc!$E$6:$E$20,SMALL(OFFSET(Calc!$H$6,0,Calc!S$12,61,1),Calc!$B9)),"")
H30: =IFERROR(INDEX(Calc!$E$6:$E$20,SMALL(OFFSET(Calc!$H$6,0,Calc!S$6,61,1),Calc!$B10)),"") | AB30: =IFERROR(INDEX(Calc!$E$6:$E$20,SMALL(OFFSET(Calc!$H$6,0,Calc!S$9,61,1),Calc!$B10)),"") | AV30: =IFERROR(INDEX(Calc!$E$6:$E$20,SMALL(OFFSET(Calc!$H$6,0,Calc!S$12,61,1),Calc!$B10)),"")
Q31: Key Resources | AK31: Channels
H34: =IFERROR(INDEX(Calc!$E$6:$E$20,SMALL(OFFSET(Calc!$H$6,0,Calc!S$6,61,1),Calc!$B11)),"") | R34: =IFERROR(INDEX(Calc!$E$6:$E$20,SMALL(OFFSET(Calc!$H$6,0,Calc!S$8,61,1),Calc!$B6)),"") -> Financial Resources | AB34: =IFERROR(INDEX(Calc!$E$6:$E$20,SMALL(OFFSET(Calc!$H$6,0,Calc!S$9,61,1),Calc!$B11)),"") | AL34: =IFERROR(INDEX(Calc!$E$6:$E$20,SMALL(OFFSET(Calc!$H$6,0,Calc!S$11,61,1),Calc!$B6)),"") -> Social media inquiries | AV34: =IFERROR(INDEX(Calc!$E$6:$E$20,SMALL(OFFSET(Calc!$H$6,0,Calc!S$12,61,1),Calc!$B11)),"")
H38: =IFERROR(INDEX(Calc!$E$6:$E$20,SMALL(OFFSET(Calc!$H$6,0,Calc!S$6,61,1),Calc!$B12)),"") | R38: =IFERROR(INDEX(Calc!$E$6:$E$20,SMALL(OFFSET(Calc!$H$6,0,Calc!S$8,61,1),Calc!$B7)),"") | AB38: =IFERROR(INDEX(Calc!$E$6:$E$20,SMALL(OFFSET(Calc!$H$6,0,Calc!S$9,61,1),Calc!$B12)),"") | AL38: =IFERROR(INDEX(Calc!$E$6:$E$20,SMALL(OFFSET(Calc!$H$6,0,Calc!S$11,61,1),Calc!$B7)),"") | AV38: =IFERROR(INDEX(Calc!$E$6:$E$20,SMALL(OFFSET(Calc!$H$6,0,Calc!S$12,61,1),Calc!$B12)),"")
H42: =IFERROR(INDEX(Calc!$E$6:$E$20,SMALL(OFFSET(Calc!$H$6,0,Calc!S$6,61,1),Calc!$B13)),"") | R42: =IFERROR(INDEX(Calc!$E$6:$E$20,SMALL(OFFSET(Calc!$H$6,0,Calc!S$8,61,1),Calc!$B8)),"") | AB42: =IFERROR(INDEX(Calc!$E$6:$E$20,SMALL(OFFSET(Calc!$H$6,0,Calc!S$9,61,1),Calc!$B13)),"") | AL42: =IFERROR(INDEX(Calc!$E$6:$E$20,SMALL(OFFSET(Calc!$H$6,0,Calc!S$11,61,1),Calc!$B8)),"") | AV42: =IFERROR(INDEX(Calc!$E$6:$E$20,SMALL(OFFSET(Calc!$H$6,0,Calc!S$12,61,1),Calc!$B13)),"")
H46: =IFERROR(INDEX(Calc!$E$6:$E$20,SMALL(OFFSET(Calc!$H$6,0,Calc!S$6,61,1),Calc!$B14)),"") | R46: =IFERROR(INDEX(Calc!$E$6:$E$20,SMALL(OFFSET(Calc!$H$6,0,Calc!S$8,61,1),Calc!$B9)),"") | AB46: =IFERROR(INDEX(Calc!$E$6:$E$20,SMALL(OFFSET(Calc!$H$6,0,Calc!S$9,61,1),Calc!$B14)),"") | AL46: =IFERROR(INDEX(Calc!$E$6:$E$20,SMALL(OFFSET(Calc!$H$6,0,Calc!S$11,61,1),Calc!$B9)),"") | AV46: =IFERROR(INDEX(Calc!$E$6:$E$20,SMALL(OFFSET(Calc!$H$6,0,Calc!S$12,61,1),Calc!$B14)),"")
G51: Cost Structure | AF51: Revenue Streams
H54: =IFERROR(INDEX(Calc!$E$6:$E$20,SMALL(OFFSET(Calc!$H$6,0,Calc!S$13,61,1),Calc!$B6)),"") -> Developers Salary | P54: =IFERROR(INDEX(Calc!$E$6:$E$20,SMALL(OFFSET(Calc!$H$6,0,Calc!S$13,61,1),Calc!$B9)),"") | X54: =IFERROR(INDEX(Calc!$E$6:$E$20,SMALL(OFFSET(Calc!$H$6,0,Calc!S$13,61,1),Calc!$B12)),"") | AG54: =IFERROR(INDEX(Calc!$E$6:$E$20,SMALL(OFFSET(Calc!$H$6,0,Calc!S$14,61,1),Calc!$B6)),"") -> Monthly subscriptions | AO54: =IFERROR(INDEX(Calc!$E$6:$E$20,SMALL(OFFSET(Calc!$H$6,0,Calc!S$14,61,1),Calc!$B9)),"") | AW54: =IFERROR(INDEX(Calc!$E$6:$E$20,SMALL(OFFSET(Calc!$H$6,0,Calc!S$14,61,1),Calc!$B12)),"")
H58: =IFERROR(INDEX(Calc!$E$6:$E$20,SMALL(OFFSET(Calc!$H$6,0,Calc!S$13,61,1),Calc!$B7)),"") | P58: =IFERROR(INDEX(Calc!$E$6:$E$20,SMALL(OFFSET(Calc!$H$6,0,Calc!S$13,61,1),Calc!$B10)),"") | X58: =IFERROR(INDEX(Calc!$E$6:$E$20,SMALL(OFFSET(Calc!$H$6,0,Calc!S$13,61,1),Calc!$B13)),"") | AG58: =IFERROR(INDEX(Calc!$E$6:$E$20,SMALL(OFFSET(Calc!$H$6,0,Calc!S$14,61,1),Calc!$B7)),"") | AO58: =IFERROR(INDEX(Calc!$E$6:$E$20,SMALL(OFFSET(Calc!$H$6,0,Calc!S$14,61,1),Calc!$B10)),"") | AW58: =IFERROR(INDEX(Calc!$E$6:$E$20,SMALL(OFFSET(Calc!$H$6,0,Calc!S$14,61,1),Calc!$B13)),"")
H62: =IFERROR(INDEX(Calc!$E$6:$E$20,SMALL(OFFSET(Calc!$H$6,0,Calc!S$13,61,1),Calc!$B8)),"") | P62: =IFERROR(INDEX(Calc!$E$6:$E$20,SMALL(OFFSET(Calc!$H$6,0,Calc!S$13,61,1),Calc!$B11)),"") | X62: =IFERROR(INDEX(Calc!$E$6:$E$20,SMALL(OFFSET(Calc!$H$6,0,Calc!S$13,61,1),Calc!$B14)),"") | AG62: =IFERROR(INDEX(Calc!$E$6:$E$20,SMALL(OFFSET(Calc!$H$6,0,Calc!S$14,61,1),Calc!$B8)),"") | AO62: =IFERROR(INDEX(Calc!$E$6:$E$20,SMALL(OFFSET(Calc!$H$6,0,Calc!S$14,61,1),Calc!$B11)),"") | AW62: =IFERROR(INDEX(Calc!$E$6:$E$20,SMALL(OFFSET(Calc!$H$6,0,Calc!S$14,61,1),Calc!$B14)),"")
G67: General Notes
F68: The company has a good perspective on the revenue side. But cost structure needs further study.

Sheet Blank
D2: BUSINESS MODEL CANVAS
D3: BLANK CANVAS
B5: Business Model Canvas | BB5: Post-It Palette [DRAG & DROP]

Sheet Calc
B2: MAIN DATA TABLE | S2: Dropdown Menus | V2: This canvas brings the color index for each note to be used in conditional formatting
B4: Header Index | D4: =IFERROR(MATCH(D5,Dynamic!$B$8:$D$8,0),"") -> 1 | E4: =IFERROR(MATCH(E5,Dynamic!$B$8:$D$8,0),"") -> 2 | F4: =IFERROR(MATCH(F5,Dynamic!$B$8:$D$8,0),"") -> 3 | I4: BOX - ITEM MATRIX
B5: Item Index | C5: Index Check | D5: =Dynamic!B8 -> Block Name | E5: =Dynamic!C8 -> Post-It Note | F5: =Dynamic!D8 -> Post-It Color | G5: Color Index | H5: Box Index | I5: 1 | J5: 2 | K5: 3 | L5: 4 | M5: 5 | N5: 6 | O5: 7 | P5: 8 | Q5: 9 | S5: Block # | T5: Main Headings
B6: 1 | C6: =IFERROR(IF(AND(D6<>"",E6<>""),1,""),"") -> 1 | D6: =IFERROR(IF(INDEX(InputTable[],$B6,D$4)="","",INDEX(InputTable[],$B6,D$4)),"") -> Key Partners | E6: =IFERROR(IF(INDEX(InputTable[],$B6,E$4)="","",INDEX(InputTable[],$B6,E$4)),"") -> Payment partner | F6: =IFERROR(IF(INDEX(InputTable[],$B6,F$4)="","",INDEX(InputTable[],$B6,F$4)),"") -> Gray | G6: =IFERROR(INDEX($S$17:$S$23,MATCH(F6,$T$17:$T$23,0)),"") -> 7 | H6: =IFERROR(INDEX($S$6:$S$14,MATCH(D6,$T$6:$T$14,0)),"") -> 1 | I6: =IFERROR(IF(AND($C6=1,$H6=I$5),$B6,""),"") -> 1 | J6: =IFERROR(IF(AND($C6=1,$H6=J$5),$B6,""),"") | K6: =IFERROR(IF(AND($C6=1,$H6=K$5),$B6,""),"") | L6: =IFERROR(IF(AND($C6=1,$H6=L$5),$B6,""),"") | M6: =IFERROR(IF(AND($C6=1,$H6=M$5),$B6,""),"") | N6: =IFERROR(IF(AND($C6=1,$H6=N$5),$B6,""),"") | O6: =IFERROR(IF(AND($C6=1,$H6=O$5),$B6,""),"") | P6: =IFERROR(IF(AND($C6=1,$H6=P$5),$B6,""),"") | Q6: =IFERROR(IF(AND($C6=1,$H6=Q$5),$B6,""),"") | S6: 1 | T6: =Dynamic!G11 -> Key Partners
B7: 2 | C7: =IFERROR(IF(AND(D7<>"",E7<>""),1,""),"") -> 1 | D7: =IFERROR(IF(INDEX(InputTable[],$B7,D$4)="","",INDEX(InputTable[],$B7,D$4)),"") -> Key Partners | E7: =IFERROR(IF(INDEX(InputTable[],$B7,E$4)="","",INDEX(InputTable[],$B7,E$4)),"") -> Support people | F7: =IFERROR(IF(INDEX(InputTable[],$B7,F$4)="","",INDEX(InputTable[],$B7,F$4)),"") -> Green | G7: =IFERROR(INDEX($S$17:$S$23,MATCH(F7,$T$17:$T$23,0)),"") -> 3 | H7: =IFERROR(INDEX($S$6:$S$14,MATCH(D7,$T$6:$T$14,0)),"") -> 1 | I7: =IFERROR(IF(AND($C7=1,$H7=I$5),$B7,""),"") -> 2 | J7: =IFERROR(IF(AND($C7=1,$H7=J$5),$B7,""),"") | K7: =IFERROR(IF(AND($C7=1,$H7=K$5),$B7,""),"") | L7: =IFERROR(IF(AND($C7=1,$H7=L$5),$B7,""),"") | M7: =IFERROR(IF(AND($C7=1,$H7=M$5),$B7,""),"") | N7: =IFERROR(IF(AND($C7=1,$H7=N$5),$B7,""),"") | O7: =IFERROR(IF(AND($C7=1,$H7=O$5),$B7,""),"") | P7: =IFERROR(IF(AND($C7=1,$H7=P$5),$B7,""),"") | Q7: =IFERROR(IF(AND($C7=1,$H7=Q$5),$B7,""),"") | S7: 2 | T7: =Dynamic!Q11 -> Key Activities | V7: Block 1 | AF7: Block 2 | AP7: Block 4 | AZ7: Block 5 | BJ7: Block 7
B8: 3 | C8: =IFERROR(IF(AND(D8<>"",E8<>""),1,""),"") -> 1 | D8: =IFERROR(IF(INDEX(InputTable[],$B8,D$4)="","",INDEX(InputTable[],$B8,D$4)),"") -> Key Activities | E8: =IFERROR(IF(INDEX(InputTable[],$B8,E$4)="","",INDEX(InputTable[],$B8,E$4)),"") -> Match people to line of business | F8: =IFERROR(IF(INDEX(InputTable[],$B8,F$4)="","",INDEX(InputTable[],$B8,F$4)),"") -> Pink | G8: =IFERROR(INDEX($S$17:$S$23,MATCH(F8,$T$17:$T$23,0)),"") -> 5 | H8: =IFERROR(INDEX($S$6:$S$14,MATCH(D8,$T$6:$T$14,0)),"") -> 2 | I8: =IFERROR(IF(AND($C8=1,$H8=I$5),$B8,""),"") | J8: =IFERROR(IF(AND($C8=1,$H8=J$5),$B8,""),"") -> 3 | K8: =IFERROR(IF(AND($C8=1,$H8=K$5),$B8,""),"") | L8: =IFERROR(IF(AND($C8=1,$H8=L$5),$B8,""),"") | M8: =IFERROR(IF(AND($C8=1,$H8=M$5),$B8,""),"") | N8: =IFERROR(IF(AND($C8=1,$H8=N$5),$B8,""),"") | O8: =IFERROR(IF(AND($C8=1,$H8=O$5),$B8,""),"") | P8: =IFERROR(IF(AND($C8=1,$H8=P$5),$B8,""),"") | Q8: =IFERROR(IF(AND($C8=1,$H8=Q$5),$B8,""),"") | S8: 3 | T8: =Dynamic!Q31 -> Key Resources
B9: 4 | C9: =IFERROR(IF(AND(D9<>"",E9<>""),1,""),"") -> 1 | D9: =IFERROR(IF(INDEX(InputTable[],$B9,D$4)="","",INDEX(InputTable[],$B9,D$4)),"") -> Value Propositions | E9: =IFERROR(IF(INDEX(InputTable[],$B9,E$4)="","",INDEX(InputTable[],$B9,E$4)),"") -> Full-time support | F9: =IFERROR(IF(INDEX(InputTable[],$B9,F$4)="","",INDEX(InputTable[],$B9,F$4)),"") -> Violet | G9: =IFERROR(INDEX($S$17:$S$23,MATCH(F9,$T$17:$T$23,0)),"") -> 6 | H9: =IFERROR(INDEX($S$6:$S$14,MATCH(D9,$T$6:$T$14,0)),"") -> 4 | I9: =IFERROR(IF(AND($C9=1,$H9=I$5),$B9,""),"") | J9: =IFERROR(IF(AND($C9=1,$H9=J$5),$B9,""),"") | K9: =IFERROR(IF(AND($C9=1,$H9=K$5),$B9,""),"") | L9: =IFERROR(IF(AND($C9=1,$H9=L$5),$B9,""),"") -> 4 | M9: =IFERROR(IF(AND($C9=1,$H9=M$5),$B9,""),"") | N9: =IFERROR(IF(AND($C9=1,$H9=N$5),$B9,""),"") | O9: =IFERROR(IF(AND($C9=1,$H9=O$5),$B9,""),"") | P9: =IFERROR(IF(AND($C9=1,$H9=P$5),$B9,""),"") | Q9: =IFERROR(IF(AND($C9=1,$H9=Q$5),$B9,""),"") | S9: 4 | T9: =Dynamic!AA11 -> Value Propositions
B10: 5 | C10: =IFERROR(IF(AND(D10<>"",E10<>""),1,""),"") -> 1 | D10: =IFERROR(IF(INDEX(InputTable[],$B10,D$4)="","",INDEX(InputTable[],$B10,D$4)),"") -> Value Propositions | E10: =IFERROR(IF(INDEX(InputTable[],$B10,E$4)="","",INDEX(InputTable[],$B10,E$4)),"") -> Data security | F10: =IFERROR(IF(INDEX(InputTable[],$B10,F$4)="","",INDEX(InputTable[],$B10,F$4)),"") -> Gray | G10: =IFERROR(INDEX($S$17:$S$23,MATCH(F10,$T$17:$T$23,0)),"") -> 7 | H10: =IFERROR(INDEX($S$6:$S$14,MATCH(D10,$T$6:$T$14,0)),"") -> 4 | I10: =IFERROR(IF(AND($C10=1,$H10=I$5),$B10,""),"") | J10: =IFERROR(IF(AND($C10=1,$H10=J$5),$B10,""),"") | K10: =IFERROR(IF(AND($C10=1,$H10=K$5),$B10,""),"") | L10: =IFERROR(IF(AND($C10=1,$H10=L$5),$B10,""),"") -> 5 | M10: =IFERROR(IF(AND($C10=1,$H10=M$5),$B10,""),"") | N10: =IFERROR(IF(AND($C10=1,$H10=N$5),$B10,""),"") | O10: =IFERROR(IF(AND($C10=1,$H10=O$5),$B10,""),"") | P10: =IFERROR(IF(AND($C10=1,$H10=P$5),$B10,""),"") | Q10: =IFERROR(IF(AND($C10=1,$H10=Q$5),$B10,""),"") | S10: 5 | T10: =Dynamic!AK11 -> Customer Relations | W10: =IFERROR(INDEX(Calc!$G$6:$G$20,SMALL(OFFSET(Calc!$H$6,0,Calc!S$6,61,1),Calc!$B6)),"") -> 7 | X10: =IFERROR(INDEX($E$6:$E$20,SMALL(OFFSET($H$6,0,X$5,55,1),$B10)),"") -> Full-time support | Y10: =IFERROR(INDEX($E$6:$E$20,SMALL(OFFSET($H$6,0,Y$5,55,1),$B10)),"") -> Full-time support | Z10: =IFERROR(INDEX($E$6:$E$20,SMALL(OFFSET($H$6,0,Z$5,55,1),$B10)),"") -> Full-time support | AA10: =IFERROR(INDEX($E$6:$E$20,SMALL(OFFSET($H$6,0,AA$5,55,1),$B10)),"") -> Full-time support | AB10: =IFERROR(INDEX($E$6:$E$20,SMALL(OFFSET($H$6,0,AB$5,55,1),$B10)),"") -> Full-time support | AC10: =IFERROR(INDEX($E$6:$E$20,SMALL(OFFSET($H$6,0,AC$5,55,1),$B10)),"") -> Full-time support | AG10: =IFERROR(INDEX(Calc!$G$6:$G$20,SMALL(OFFSET(Calc!$H$6,0,Calc!S$7,61,1),Calc!$B6)),"") -> 5 | AQ10: =IFERROR(INDEX(Calc!$G$6:$G$20,SMALL(OFFSET(Calc!$H$6,0,Calc!S$9,61,1),Calc!$B6)),"") -> 6 | BA10: =IFERROR(INDEX(Calc!$G$6:$G$20,SMALL(OFFSET(Calc!$H$6,0,Calc!S$10,61,1),Calc!$B6)),"") -> 4 | BK10: =IFERROR(INDEX(Calc!$G$6:$G$20,SMALL(OFFSET(Calc!$H$6,0,Calc!S$12,61,1),Calc!$B6)),"") -> 6
B11: 6 | C11: =IFERROR(IF(AND(D11<>"",E11<>""),1,""),"") -> 1 | D11: =IFERROR(IF(INDEX(InputTable[],$B11,D$4)="","",INDEX(InputTable[],$B11,D$4)),"") -> Customer Relations | E11: =IFERROR(IF(INDEX(InputTable[],$B11,E$4)="","",INDEX(InputTable[],$B11,E$4)),"") -> Routine customer surveys | F11: =IFERROR(IF(INDEX(InputTable[],$B11,F$4)="","",INDEX(InputTable[],$B11,F$4)),"") -> Blue | G11: =IFERROR(INDEX($S$17:$S$23,MATCH(F11,$T$17:$T$23,0)),"") -> 4 | H11: =IFERROR(INDEX($S$6:$S$14,MATCH(D11,$T$6:$T$14,0)),"") -> 5 | I11: =IFERROR(IF(AND($C11=1,$H11=I$5),$B11,""),"") | J11: =IFERROR(IF(AND($C11=1,$H11=J$5),$B11,""),"") | K11: =IFERROR(IF(AND($C11=1,$H11=K$5),$B11,""),"") | L11: =IFERROR(IF(AND($C11=1,$H11=L$5),$B11,""),"") | M11: =IFERROR(IF(AND($C11=1,$H11=M$5),$B11,""),"") -> 6 | N11: =IFERROR(IF(AND($C11=1,$H11=N$5),$B11,""),"") | O11: =IFERROR(IF(AND($C11=1,$H11=O$5),$B11,""),"") | P11: =IFERROR(IF(AND($C11=1,$H11=P$5),$B11,""),"") | Q11: =IFERROR(IF(AND($C11=1,$H11=Q$5),$B11,""),"") | S11: 6 | T11: =Dynamic!AK31 -> Channels | W11: =IFERROR(INDEX($E$6:$E$20,SMALL(OFFSET($H$6,0,W$5,55,1),$B11)),"") -> Full-time support | X11: =IFERROR(INDEX($E$6:$E$20,SMALL(OFFSET($H$6,0,X$5,55,1),$B11)),"") -> Full-time support | Y11: =IFERROR(INDEX($E$6:$E$20,SMALL(OFFSET($H$6,0,Y$5,55,1),$B11)),"") -> Full-time support | Z11: =IFERROR(INDEX($E$6:$E$20,SMALL(OFFSET($H$6,0,Z$5,55,1),$B11)),"") -> Full-time support | AA11: =IFERROR(INDEX($E$6:$E$20,SMALL(OFFSET($H$6,0,AA$5,55,1),$B11)),"") -> Full-time support | AB11: =IFERROR(INDEX($E$6:$E$20,SMALL(OFFSET($H$6,0,AB$5,55,1),$B11)),"") -> Full-time support | AC11: =IFERROR(INDEX($E$6:$E$20,SMALL(OFFSET($H$6,0,AC$5,55,1),$B11)),"") -> Full-time support
B12: 7 | C12: =IFERROR(IF(AND(D12<>"",E12<>""),1,""),"") -> 1 | D12: =IFERROR(IF(INDEX(InputTable[],$B12,D$4)="","",INDEX(InputTable[],$B12,D$4)),"") -> Customer Segments | E12: =IFERROR(IF(INDEX(InputTable[],$B12,E$4)="","",INDEX(InputTable[],$B12,E$4)),"") -> Age segments | F12: =IFERROR(IF(INDEX(InputTable[],$B12,F$4)="","",INDEX(InputTable[],$B12,F$4)),"") -> Violet | G12: =IFERROR(INDEX($S$17:$S$23,MATCH(F12,$T$17:$T$23,0)),"") -> 6 | H12: =IFERROR(INDEX($S$6:$S$14,MATCH(D12,$T$6:$T$14,0)),"") -> 7 | I12: =IFERROR(IF(AND($C12=1,$H12=I$5),$B12,""),"") | J12: =IFERROR(IF(AND($C12=1,$H12=J$5),$B12,""),"") | K12: =IFERROR(IF(AND($C12=1,$H12=K$5),$B12,""),"") | L12: =IFERROR(IF(AND($C12=1,$H12=L$5),$B12,""),"") | M12: =IFERROR(IF(AND($C12=1,$H12=M$5),$B12,""),"") | N12: =IFERROR(IF(AND($C12=1,$H12=N$5),$B12,""),"") | O12: =IFERROR(IF(AND($C12=1,$H12=O$5),$B12,""),"") -> 7 | P12: =IFERROR(IF(AND($C12=1,$H12=P$5),$B12,""),"") | Q12: =IFERROR(IF(AND($C12=1,$H12=Q$5),$B12,""),"") | S12: 7 | T12: =Dynamic!AU11 -> Customer Segments | W12: =IFERROR(INDEX($E$6:$E$20,SMALL(OFFSET($H$6,0,W$5,55,1),$B12)),"") -> Data security | X12: =IFERROR(INDEX($E$6:$E$20,SMALL(OFFSET($H$6,0,X$5,55,1),$B12)),"") -> Data security | Y12: =IFERROR(INDEX($E$6:$E$20,SMALL(OFFSET($H$6,0,Y$5,55,1),$B12)),"") -> Data security | Z12: =IFERROR(INDEX($E$6:$E$20,SMALL(OFFSET($H$6,0,Z$5,55,1),$B12)),"") -> Data security | AA12: =IFERROR(INDEX($E$6:$E$20,SMALL(OFFSET($H$6,0,AA$5,55,1),$B12)),"") -> Data security | AB12: =IFERROR(INDEX($E$6:$E$20,SMALL(OFFSET($H$6,0,AB$5,55,1),$B12)),"") -> Data security | AC12: =IFERROR(INDEX($E$6:$E$20,SMALL(OFFSET($H$6,0,AC$5,55,1),$B12)),"") -> Data security
B13: 8 | C13: =IFERROR(IF(AND(D13<>"",E13<>""),1,""),"") -> 1 | D13: =IFERROR(IF(INDEX(InputTable[],$B13,D$4)="","",INDEX(InputTable[],$B13,D$4)),"") -> Customer Segments | E13: =IFERROR(IF(INDEX(InputTable[],$B13,E$4)="","",INDEX(InputTable[],$B13,E$4)),"") -> Tech-savvy/Non-tech-savvy | F13: =IFERROR(IF(INDEX(InputTable[],$B13,F$4)="","",INDEX(InputTable[],$B13,F$4)),"") -> Gray | G13: =IFERROR(INDEX($S$17:$S$23,MATCH(F13,$T$17:$T$23,0)),"") -> 7 | H13: =IFERROR(INDEX($S$6:$S$14,MATCH(D13,$T$6:$T$14,0)),"") -> 7 | I13: =IFERROR(IF(AND($C13=1,$H13=I$5),$B13,""),"") | J13: =IFERROR(IF(AND($C13=1,$H13=J$5),$B13,""),"") | K13: =IFERROR(IF(AND($C13=1,$H13=K$5),$B13,""),"") | L13: =IFERROR(IF(AND($C13=1,$H13=L$5),$B13,""),"") | M13: =IFERROR(IF(AND($C13=1,$H13=M$5),$B13,""),"") | N13: =IFERROR(IF(AND($C13=1,$H13=N$5),$B13,""),"") | O13: =IFERROR(IF(AND($C13=1,$H13=O$5),$B13,""),"") -> 8 | P13: =IFERROR(IF(AND($C13=1,$H13=P$5),$B13,""),"") | Q13: =IFERROR(IF(AND($C13=1,$H13=Q$5),$B13,""),"") | S13: 8 | T13: =Dynamic!G51 -> Cost Structure
B14: 9 | C14: =IFERROR(IF(AND(D14<>"",E14<>""),1,""),"") -> 1 | D14: =IFERROR(IF(INDEX(InputTable[],$B14,D$4)="","",INDEX(InputTable[],$B14,D$4)),"") -> Key Resources | E14: =IFERROR(IF(INDEX(InputTable[],$B14,E$4)="","",INDEX(InputTable[],$B14,E$4)),"") -> Financial Resources | F14: =IFERROR(IF(INDEX(InputTable[],$B14,F$4)="","",INDEX(InputTable[],$B14,F$4)),"") -> Green | G14: =IFERROR(INDEX($S$17:$S$23,MATCH(F14,$T$17:$T$23,0)),"") -> 3 | H14: =IFERROR(INDEX($S$6:$S$14,MATCH(D14,$T$6:$T$14,0)),"") -> 3 | I14: =IFERROR(IF(AND($C14=1,$H14=I$5),$B14,""),"") | J14: =IFERROR(IF(AND($C14=1,$H14=J$5),$B14,""),"") | K14: =IFERROR(IF(AND($C14=1,$H14=K$5),$B14,""),"") -> 9 | L14: =IFERROR(IF(AND($C14=1,$H14=L$5),$B14,""),"") | M14: =IFERROR(IF(AND($C14=1,$H14=M$5),$B14,""),"") | N14: =IFERROR(IF(AND($C14=1,$H14=N$5),$B14,""),"") | O14: =IFERROR(IF(AND($C14=1,$H14=O$5),$B14,""),"") | P14: =IFERROR(IF(AND($C14=1,$H14=P$5),$B14,""),"") | Q14: =IFERROR(IF(AND($C14=1,$H14=Q$5),$B14,""),"") | S14: 9 | T14: =Dynamic!AF51 -> Revenue Streams | W14: =IFERROR(INDEX(Calc!$G$6:$G$20,SMALL(OFFSET(Calc!$H$6,0,Calc!S$6,61,1),Calc!$B7)),"") -> 3 | AG14: =IFERROR(INDEX(Calc!$G$6:$G$20,SMALL(OFFSET(Calc!$H$6,0,Calc!S$7,61,1),Calc!$B7)),"") | AQ14: =IFERROR(INDEX(Calc!$G$6:$G$20,SMALL(OFFSET(Calc!$H$6,0,Calc!S$9,61,1),Calc!$B7)),"") -> 7 | BA14: =IFERROR(INDEX(Calc!$G$6:$G$20,SMALL(OFFSET(Calc!$H$6,0,Calc!S$10,61,1),Calc!$B7)),"") | BK14: =IFERROR(INDEX(Calc!$G$6:$G$20,SMALL(OFFSET(Calc!$H$6,0,Calc!S$12,61,1),Calc!$B7)),"") -> 7
B15: 10 | C15: =IFERROR(IF(AND(D15<>"",E15<>""),1,""),"") -> 1 | D15: =IFERROR(IF(INDEX(InputTable[],$B15,D$4)="","",INDEX(InputTable[],$B15,D$4)),"") -> Channels | E15: =IFERROR(IF(INDEX(InputTable[],$B15,E$4)="","",INDEX(InputTable[],$B15,E$4)),"") -> Social media inquiries | F15: =IFERROR(IF(INDEX(InputTable[],$B15,F$4)="","",INDEX(InputTable[],$B15,F$4)),"") -> Yellow | G15: =IFERROR(INDEX($S$17:$S$23,MATCH(F15,$T$17:$T$23,0)),"") -> 2 | H15: =IFERROR(INDEX($S$6:$S$14,MATCH(D15,$T$6:$T$14,0)),"") -> 6 | I15: =IFERROR(IF(AND($C15=1,$H15=I$5),$B15,""),"") | J15: =IFERROR(IF(AND($C15=1,$H15=J$5),$B15,""),"") | K15: =IFERROR(IF(AND($C15=1,$H15=K$5),$B15,""),"") | L15: =IFERROR(IF(AND($C15=1,$H15=L$5),$B15,""),"") | M15: =IFERROR(IF(AND($C15=1,$H15=M$5),$B15,""),"") | N15: =IFERROR(IF(AND($C15=1,$H15=N$5),$B15,""),"") -> 10 | O15: =IFERROR(IF(AND($C15=1,$H15=O$5),$B15,""),"") | P15: =IFERROR(IF(AND($C15=1,$H15=P$5),$B15,""),"") | Q15: =IFERROR(IF(AND($C15=1,$H15=Q$5),$B15,""),"")
B16: 11 | C16: =IFERROR(IF(AND(D16<>"",E16<>""),1,""),"") -> 1 | D16: =IFERROR(IF(INDEX(InputTable[],$B16,D$4)="","",INDEX(InputTable[],$B16,D$4)),"") -> Cost Structure | E16: =IFERROR(IF(INDEX(InputTable[],$B16,E$4)="","",INDEX(InputTable[],$B16,E$4)),"") -> Developers Salary | F16: =IFERROR(IF(INDEX(InputTable[],$B16,F$4)="","",INDEX(InputTable[],$B16,F$4)),"") -> Yellow | G16: =IFERROR(INDEX($S$17:$S$23,MATCH(F16,$T$17:$T$23,0)),"") -> 2 | H16: =IFERROR(INDEX($S$6:$S$14,MATCH(D16,$T$6:$T$14,0)),"") -> 8 | I16: =IFERROR(IF(AND($C16=1,$H16=I$5),$B16,""),"") | J16: =IFERROR(IF(AND($C16=1,$H16=J$5),$B16,""),"") | K16: =IFERROR(IF(AND($C16=1,$H16=K$5),$B16,""),"") | L16: =IFERROR(IF(AND($C16=1,$H16=L$5),$B16,""),"") | M16: =IFERROR(IF(AND($C16=1,$H16=M$5),$B16,""),"") | N16: =IFERROR(IF(AND($C16=1,$H16=N$5),$B16,""),"") | O16: =IFERROR(IF(AND($C16=1,$H16=O$5),$B16,""),"") | P16: =IFERROR(IF(AND($C16=1,$H16=P$5),$B16,""),"") -> 11 | Q16: =IFERROR(IF(AND($C16=1,$H16=Q$5),$B16,""),"") | S16: Color # | T16: Colors
B17: 12 | C17: =IFERROR(IF(AND(D17<>"",E17<>""),1,""),"") -> 1 | D17: =IFERROR(IF(INDEX(InputTable[],$B17,D$4)="","",INDEX(InputTable[],$B17,D$4)),"") -> Revenue Streams | E17: =IFERROR(IF(INDEX(InputTable[],$B17,E$4)="","",INDEX(InputTable[],$B17,E$4)),"") -> Monthly subscriptions | F17: =IFERROR(IF(INDEX(InputTable[],$B17,F$4)="","",INDEX(InputTable[],$B17,F$4)),"") -> Green | G17: =IFERROR(INDEX($S$17:$S$23,MATCH(F17,$T$17:$T$23,0)),"") -> 3 | H17: =IFERROR(INDEX($S$6:$S$14,MATCH(D17,$T$6:$T$14,0)),"") -> 9 | I17: =IFERROR(IF(AND($C17=1,$H17=I$5),$B17,""),"") | J17: =IFERROR(IF(AND($C17=1,$H17=J$5),$B17,""),"") | K17: =IFERROR(IF(AND($C17=1,$H17=K$5),$B17,""),"") | L17: =IFERROR(IF(AND($C17=1,$H17=L$5),$B17,""),"") | M17: =IFERROR(IF(AND($C17=1,$H17=M$5),$B17,""),"") | N17: =IFERROR(IF(AND($C17=1,$H17=N$5),$B17,""),"") | O17: =IFERROR(IF(AND($C17=1,$H17=O$5),$B17,""),"") | P17: =IFERROR(IF(AND($C17=1,$H17=P$5),$B17,""),"") | Q17: =IFERROR(IF(AND($C17=1,$H17=Q$5),$B17,""),"") -> 12 | S17: 1 | T17: No Color
B18: 13 | C18: =IFERROR(IF(AND(D18<>"",E18<>""),1,""),"") | D18: =IFERROR(IF(INDEX(InputTable[],$B18,D$4)="","",INDEX(InputTable[],$B18,D$4)),"") | E18: =IFERROR(IF(INDEX(InputTable[],$B18,E$4)="","",INDEX(InputTable[],$B18,E$4)),"") | F18: =IFERROR(IF(INDEX(InputTable[],$B18,F$4)="","",INDEX(InputTable[],$B18,F$4)),"") | G18: =IFERROR(INDEX($S$17:$S$23,MATCH(F18,$T$17:$T$23,0)),"") | H18: =IFERROR(INDEX($S$6:$S$14,MATCH(D18,$T$6:$T$14,0)),"") | I18: =IFERROR(IF(AND($C18=1,$H18=I$5),$B18,""),"") | J18: =IFERROR(IF(AND($C18=1,$H18=J$5),$B18,""),"") | K18: =IFERROR(IF(AND($C18=1,$H18=K$5),$B18,""),"") | L18: =IFERROR(IF(AND($C18=1,$H18=L$5),$B18,""),"") | M18: =IFERROR(IF(AND($C18=1,$H18=M$5),$B18,""),"") | N18: =IFERROR(IF(AND($C18=1,$H18=N$5),$B18,""),"") | O18: =IFERROR(IF(AND($C18=1,$H18=O$5),$B18,""),"") | P18: =IFERROR(IF(AND($C18=1,$H18=P$5),$B18,""),"") | Q18: =IFERROR(IF(AND($C18=1,$H18=Q$5),$B18,""),"") | S18: 2 | T18: Yellow | W18: =IFERROR(INDEX(Calc!$G$6:$G$20,SMALL(OFFSET(Calc!$H$6,0,Calc!S$6,61,1),Calc!$B8)),"") | AG18: =IFERROR(INDEX(Calc!$G$6:$G$20,SMALL(OFFSET(Calc!$H$6,0,Calc!S$7,61,1),Calc!$B8)),"") | AQ18: =IFERROR(INDEX(Calc!$G$6:$G$20,SMALL(OFFSET(Calc!$H$6,0,Calc!S$9,61,1),Calc!$B8)),"") | BA18: =IFERROR(INDEX(Calc!$G$6:$G$20,SMALL(OFFSET(Calc!$H$6,0,Calc!S$10,61,1),Calc!$B8)),"") | BK18: =IFERROR(INDEX(Calc!$G$6:$G$20,SMALL(OFFSET(Calc!$H$6,0,Calc!S$12,61,1),Calc!$B8)),"")
B19: 14 | C19: =IFERROR(IF(AND(D19<>"",E19<>""),1,""),"") | D19: =IFERROR(IF(INDEX(InputTable[],$B19,D$4)="","",INDEX(InputTable[],$B19,D$4)),"") | E19: =IFERROR(IF(INDEX(InputTable[],$B19,E$4)="","",INDEX(InputTable[],$B19,E$4)),"") | F19: =IFERROR(IF(INDEX(InputTable[],$B19,F$4)="","",INDEX(InputTable[],$B19,F$4)),"") | G19: =IFERROR(INDEX($S$17:$S$23,MATCH(F19,$T$17:$T$23,0)),"") | H19: =IFERROR(INDEX($S$6:$S$14,MATCH(D19,$T$6:$T$14,0)),"") | I19: =IFERROR(IF(AND($C19=1,$H19=I$5),$B19,""),"") | J19: =IFERROR(IF(AND($C19=1,$H19=J$5),$B19,""),"") | K19: =IFERROR(IF(AND($C19=1,$H19=K$5),$B19,""),"") | L19: =IFERROR(IF(AND($C19=1,$H19=L$5),$B19,""),"") | M19: =IFERROR(IF(AND($C19=1,$H19=M$5),$B19,""),"") | N19: =IFERROR(IF(AND($C19=1,$H19=N$5),$B19,""),"") | O19: =IFERROR(IF(AND($C19=1,$H19=O$5),$B19,""),"") | P19: =IFERROR(IF(AND($C19=1,$H19=P$5),$B19,""),"") | Q19: =IFERROR(IF(AND($C19=1,$H19=Q$5),$B19,""),"") | S19: 3 | T19: Green
B20: 15 | C20: =IFERROR(IF(AND(D20<>"",E20<>""),1,""),"") | D20: =IFERROR(IF(INDEX(InputTable[],$B20,D$4)="","",INDEX(InputTable[],$B20,D$4)),"") | E20: =IFERROR(IF(INDEX(InputTable[],$B20,E$4)="","",INDEX(InputTable[],$B20,E$4)),"") | F20: =IFERROR(IF(INDEX(InputTable[],$B20,F$4)="","",INDEX(InputTable[],$B20,F$4)),"") | G20: =IFERROR(INDEX($S$17:$S$23,MATCH(F20,$T$17:$T$23,0)),"") | H20: =IFERROR(INDEX($S$6:$S$14,MATCH(D20,$T$6:$T$14,0)),"") | I20: =IFERROR(IF(AND($C20=1,$H20=I$5),$B20,""),"") | J20: =IFERROR(IF(AND($C20=1,$H20=J$5),$B20,""),"") | K20: =IFERROR(IF(AND($C20=1,$H20=K$5),$B20,""),"") | L20: =IFERROR(IF(AND($C20=1,$H20=L$5),$B20,""),"") | M20: =IFERROR(IF(AND($C20=1,$H20=M$5),$B20,""),"") | N20: =IFERROR(IF(AND($C20=1,$H20=N$5),$B20,""),"") | O20: =IFERROR(IF(AND($C20=1,$H20=O$5),$B20,""),"") | P20: =IFERROR(IF(AND($C20=1,$H20=P$5),$B20,""),"") | Q20: =IFERROR(IF(AND($C20=1,$H20=Q$5),$B20,""),"") | S20: 4 | T20: Blue
S21: 5 | T21: Pink
S22: 6 | T22: Violet | W22: =IFERROR(INDEX(Calc!$G$6:$G$20,SMALL(OFFSET(Calc!$H$6,0,Calc!S$6,61,1),Calc!$B9)),"") | AG22: =IFERROR(INDEX(Calc!$G$6:$G$20,SMALL(OFFSET(Calc!$H$6,0,Calc!S$7,61,1),Calc!$B9)),"") | AQ22: =IFERROR(INDEX(Calc!$G$6:$G$20,SMALL(OFFSET(Calc!$H$6,0,Calc!S$9,61,1),Calc!$B9)),"") | BA22: =IFERROR(INDEX(Calc!$G$6:$G$20,SMALL(OFFSET(Calc!$H$6,0,Calc!S$10,61,1),Calc!$B9)),"") | BK22: =IFERROR(INDEX(Calc!$G$6:$G$20,SMALL(OFFSET(Calc!$H$6,0,Calc!S$12,61,1),Calc!$B9)),"")
S23: 7 | T23: Gray
W26: =IFERROR(INDEX(Calc!$G$6:$G$20,SMALL(OFFSET(Calc!$H$6,0,Calc!S$6,61,1),Calc!$B10)),"") | AQ26: =IFERROR(INDEX(Calc!$G$6:$G$20,SMALL(OFFSET(Calc!$H$6,0,Calc!S$9,61,1),Calc!$B10)),"") | BK26: =IFERROR(INDEX(Calc!$G$6:$G$20,SMALL(OFFSET(Calc!$H$6,0,Calc!S$12,61,1),Calc!$B10)),"")
AF27: Block 3 | AZ27: Block 6
W30: =IFERROR(INDEX(Calc!$G$6:$G$20,SMALL(OFFSET(Calc!$H$6,0,Calc!S$6,61,1),Calc!$B11)),"") | AG30: =IFERROR(INDEX(Calc!$G$6:$G$20,SMALL(OFFSET(Calc!$H$6,0,Calc!S$8,61,1),Calc!$B6)),"") -> 3 | AQ30: =IFERROR(INDEX(Calc!$G$6:$G$20,SMALL(OFFSET(Calc!$H$6,0,Calc!S$9,61,1),Calc!$B11)),"") | BA30: =IFERROR(INDEX(Calc!$G$6:$G$20,SMALL(OFFSET(Calc!$H$6,0,Calc!S$11,61,1),Calc!$B6)),"") -> 2 | BK30: =IFERROR(INDEX(Calc!$G$6:$G$20,SMALL(OFFSET(Calc!$H$6,0,Calc!S$12,61,1),Calc!$B11)),"")
W34: =IFERROR(INDEX(Calc!$G$6:$G$20,SMALL(OFFSET(Calc!$H$6,0,Calc!S$6,61,1),Calc!$B12)),"") | AG34: =IFERROR(INDEX(Calc!$G$6:$G$20,SMALL(OFFSET(Calc!$H$6,0,Calc!S$8,61,1),Calc!$B7)),"") | AQ34: =IFERROR(INDEX(Calc!$G$6:$G$20,SMALL(OFFSET(Calc!$H$6,0,Calc!S$9,61,1),Calc!$B12)),"") | BA34: =IFERROR(INDEX(Calc!$G$6:$G$20,SMALL(OFFSET(Calc!$H$6,0,Calc!S$11,61,1),Calc!$B7)),"") | BK34: =IFERROR(INDEX(Calc!$G$6:$G$20,SMALL(OFFSET(Calc!$H$6,0,Calc!S$12,61,1),Calc!$B12)),"")
W38: =IFERROR(INDEX(Calc!$G$6:$G$20,SMALL(OFFSET(Calc!$H$6,0,Calc!S$6,61,1),Calc!$B13)),"") | AG38: =IFERROR(INDEX(Calc!$G$6:$G$20,SMALL(OFFSET(Calc!$H$6,0,Calc!S$8,61,1),Calc!$B8)),"") | AQ38: =IFERROR(INDEX(Calc!$G$6:$G$20,SMALL(OFFSET(Calc!$H$6,0,Calc!S$9,61,1),Calc!$B13)),"") | BA38: =IFERROR(INDEX(Calc!$G$6:$G$20,SMALL(OFFSET(Calc!$H$6,0,Calc!S$11,61,1),Calc!$B8)),"") | BK38: =IFERROR(INDEX(Calc!$G$6:$G$20,SMALL(OFFSET(Calc!$H$6,0,Calc!S$12,61,1),Calc!$B13)),"")
W42: =IFERROR(INDEX(Calc!$G$6:$G$20,SMALL(OFFSET(Calc!$H$6,0,Calc!S$6,61,1),Calc!$B14)),"") | AG42: =IFERROR(INDEX(Calc!$G$6:$G$20,SMALL(OFFSET(Calc!$H$6,0,Calc!S$8,61,1),Calc!$B9)),"") | AQ42: =IFERROR(INDEX(Calc!$G$6:$G$20,SMALL(OFFSET(Calc!$H$6,0,Calc!S$9,61,1),Calc!$B14)),"") | BA42: =IFERROR(INDEX(Calc!$G$6:$G$20,SMALL(OFFSET(Calc!$H$6,0,Calc!S$11,61,1),Calc!$B9)),"") | BK42: =IFERROR(INDEX(Calc!$G$6:$G$20,SMALL(OFFSET(Calc!$H$6,0,Calc!S$12,61,1),Calc!$B14)),"")
V47: Block 8 | AU47: Block 9
W50: =IFERROR(INDEX(Calc!$G$6:$G$20,SMALL(OFFSET(Calc!$H$6,0,Calc!S$13,61,1),Calc!$B6)),"") -> 2 | AE50: =IFERROR(INDEX(Calc!$G$6:$G$20,SMALL(OFFSET(Calc!$H$6,0,Calc!S$13,61,1),Calc!$B9)),"") | AM50: =IFERROR(INDEX(Calc!$G$6:$G$20,SMALL(OFFSET(Calc!$H$6,0,Calc!S$13,61,1),Calc!$B12)),"") | AV50: =IFERROR(INDEX(Calc!$G$6:$G$20,SMALL(OFFSET(Calc!$H$6,0,Calc!S$14,61,1),Calc!$B6)),"") -> 3 | BD50: =IFERROR(INDEX(Calc!$G$6:$G$20,SMALL(OFFSET(Calc!$H$6,0,Calc!S$14,61,1),Calc!$B9)),"") | BL50: =IFERROR(INDEX(Calc!$G$6:$G$20,SMALL(OFFSET(Calc!$H$6,0,Calc!S$14,61,1),Calc!$B12)),"")
W54: =IFERROR(INDEX(Calc!$G$6:$G$20,SMALL(OFFSET(Calc!$H$6,0,Calc!S$13,61,1),Calc!$B7)),"") | AE54: =IFERROR(INDEX(Calc!$G$6:$G$20,SMALL(OFFSET(Calc!$H$6,0,Calc!S$13,61,1),Calc!$B10)),"") | AM54: =IFERROR(INDEX(Calc!$G$6:$G$20,SMALL(OFFSET(Calc!$H$6,0,Calc!S$13,61,1),Calc!$B13)),"") | AV54: =IFERROR(INDEX(Calc!$G$6:$G$20,SMALL(OFFSET(Calc!$H$6,0,Calc!S$14,61,1),Calc!$B7)),"") | BD54: =IFERROR(INDEX(Calc!$G$6:$G$20,SMALL(OFFSET(Calc!$H$6,0,Calc!S$14,61,1),Calc!$B10)),"") | BL54: =IFERROR(INDEX(Calc!$G$6:$G$20,SMALL(OFFSET(Calc!$H$6,0,Calc!S$14,61,1),Calc!$B13)),"")
W58: =IFERROR(INDEX(Calc!$G$6:$G$20,SMALL(OFFSET(Calc!$H$6,0,Calc!S$13,61,1),Calc!$B8)),"") | AE58: =IFERROR(INDEX(Calc!$G$6:$G$20,SMALL(OFFSET(Calc!$H$6,0,Calc!S$13,61,1),Calc!$B11)),"") | AM58: =IFERROR(INDEX(Calc!$G$6:$G$20,SMALL(OFFSET(Calc!$H$6,0,Calc!S$13,61,1),Calc!$B14)),"") | AV58: =IFERROR(INDEX(Calc!$G$6:$G$20,SMALL(OFFSET(Calc!$H$6,0,Calc!S$14,61,1),Calc!$B8)),"") | BD58: =IFERROR(INDEX(Calc!$G$6:$G$20,SMALL(OFFSET(Calc!$H$6,0,Calc!S$14,61,1),Calc!$B11)),"") | BL58: =IFERROR(INDEX(Calc!$G$6:$G$20,SMALL(OFFSET(Calc!$H$6,0,Calc!S$14,61,1),Calc!$B14)),"")
